 Dungeon Crawl Stone Soup version 0.31-a0-948-gf5be29c462 (webtiles) character file.

Game seed: 16593838023500140903

720 Bnni the Skirmisher (level 7, 0/42 HPs)
             Began as a Deep Elf Hunter on Oct 21, 2023.
             Slain by an ice beast (9 damage)
             ... on level 5 of the Dungeon.
             The game lasted 00:04:11 (3433 turns).

Bnni the Skirmisher (Deep Elf Hunter)               Turns: 3433, Time: 00:04:12

Health: 0/42       AC:  4    Str:  8    XL:     7   Next: 42%
Magic:  9/9        EV: 14    Int: 14    God:
Gold:   182        SH:  5    Dex: 20    Spells: 6/6 levels left

rFire   . . .        a - +0 shortbow
rCold   . . .        (shield currently unavailable)
rNeg    . . .        c - +0 leather armour
rPois   .            p - +0 helmet
rElec   .            (no cloak)
rCorr   .            (no gloves)
SInv    .            (no boots)
Will    .....        d - amulet of reflection
Stlth   ++           n - +4 ring of slaying
HPRegen 0.27/turn    (no ring)
MPRegen 0.11/turn

%: reflection
@: no status effects
A: no striking features
a: no special abilities


You were on level 5 of the Dungeon.
You visited 1 branch of the dungeon, and saw 5 of its levels.

You collected 182 gold pieces.

Inventory:

Hand Weapons
 a - a +0 shortbow (weapon)
Armour
 c - a +0 leather armour (worn)
 p - a +0 helmet (worn)
Jewellery
 d - an amulet of reflection (around neck)
 n - a +4 ring of slaying (left hand)
Scrolls
 b - a scroll of butterflies
 f - 3 scrolls of teleportation
 j - a scroll of enchant armour {unknown}
 o - 2 scrolls of immolation {unknown}
 q - a scroll of noise {unknown}
Potions
 e - a potion of might {unknown}
 g - a potion of attraction
 h - 8 potions of curing
 i - a potion of cancellation
 l - a potion of degeneration {unknown}
 m - 2 potions of haste


   Skills:
 + Level 3.7 Fighting
 * Level 9.3 Ranged Weapons
 + Level 5.4 Dodging
 - Level 1.2 Stealth


You had 6 spell levels left.
You didn't know any spells.
Your spell library contained the following spells:

 Spells                   Type           Power      Damage    Failure   Level
 Blink                    Tloc           0%         N/A       54%         2
 Ignite Poison            Fire/Tmut/Pois 0%         N/A       77%         3
 Manifold Assault         Tloc           0%         N/A       99%         4
 Sticky Flame             Conj/Fire      0%         2d3       99%         4
 Ignition                 Fire           0%         3d3       100%        8


Dungeon Overview and Level Annotations

Branches:
Dungeon (5/15)
 Temple: D:4-7

Altars:
Trog
Uskayaw
Vehumet


Message History

The centaur is heavily wounded.
You block the ice beast's attack.
You shoot an arrow. The arrow hits the ice beast.
The ice beast is lightly wounded.
The ice beast misses you.
You shoot an arrow. The arrow hits the ice beast!
The ice beast is heavily wounded.
The ice beast hits you. The ice beast freezes you!
Unknown command.
You are too injured to fight recklessly!
You are too injured to fight recklessly!
Fire: a) +0 shortbow
Press: ? - help, Shift-Dir - straight line, f/p - ice beast
Aim: an ice beast (heavily wounded, 71% to hit)
You shoot an arrow. The arrow barely misses the ice beast.
The arrow hits the centaur!
You kill the centaur!
The ice beast closely misses you.
Fire: a) +0 shortbow
Press: ? - help, Shift-Dir - straight line, f/p - ice beast
Aim: an ice beast (heavily wounded, 71% to hit)
You shoot an arrow. The arrow barely misses the ice beast.
The ice beast hits you. The ice beast freezes you.
* * * LOW HITPOINT WARNING * * *
Unknown command.
Fire: a) +0 shortbow
Press: ? - help, Shift-Dir - straight line, f/p - ice beast
Aim: an ice beast (heavily wounded, 71% to hit)
You shoot an arrow. The arrow hits the ice beast.
The ice beast is severely wounded.
The ice beast misses you.
Unknown command.
Fire: a) +0 shortbow
Press: ? - help, Shift-Dir - straight line, f/p - ice beast
Aim: an ice beast (severely wounded, 71% to hit)
You shoot an arrow. The arrow closely misses the ice beast.
The ice beast hits you.
* * * LOW HITPOINT WARNING * * *
The ice beast freezes you!
You die...

###### #....#
#####....#
#...>....#
#.##†....###
#.##....@Y)#
#)###....#.......
#...#....+..=....
#...#....######..
#...###### .
#.......#
##...###.#
#......#.#
#.####.#.#


You could see an ice beast.

Vanquished Creatures
  Grinder (D:4)
  A centaur (D:5)
  A scorpion (D:5)
  2 hounds
  An orc priest (D:5)
  An iguana (D:4)
  Natasha (thrice) (D:2)
  An orc wizard (D:5)
  A statue (D:4)
  5 adders
  2 white imps (D:5)
  2 worms (D:3)
  A dart slug (D:3)
  6 orcs
  4 ball pythons
  8 endoplasms
  A giant cockroach (D:3)
  7 goblins
  6 hobgoblins
  8 jackals
  3 quokkas
  4 bats
  2 frilled lizards
  4 kobolds
  4 rats
79 creatures vanquished.

Notes
Turn   | Place    | Note
-------+----------+-------------------------------------------
     0 | D:1      | Bnni the Deep Elf Hunter began the quest for the Orb.
     0 | D:1      | Reached XP level 1. HP: 12/12 MP: 3/3
   164 | D:1      | Reached XP level 2. HP: 17/17 MP: 4/4
   823 | D:2      | Found a bloodstained altar of Trog.
   890 | D:2      | Noticed Natasha
   898 | D:2      | Killed Natasha
   899 | D:2      | Reached skill level 6 in Ranged Weapons
   899 | D:2      | Reached XP level 3. HP: 6/21 MP: 5/5
   997 | D:2      | Noticed Natasha
  1004 | D:2      | Killed Natasha
  1005 | D:2      | Reached XP level 4. HP: 23/26 MP: 6/6
  1184 | D:2      | Noticed Natasha
  1188 | D:2      | Killed Natasha
  1879 | D:3      | Reached skill level 7 in Ranged Weapons
  1984 | D:3      | Reached XP level 5. HP: 31/31 MP: 7/7
  2722 | D:4      | Noticed Grinder
  2735 | D:4      | Killed Grinder
  2736 | D:4      | Reached skill level 8 in Ranged Weapons
  2736 | D:4      | Reached XP level 6. HP: 19/37 MP: 8/8
  2844 | D:4      | Noticed a +0 hand axe
  2844 | D:4      | Noticed a +0 dagger
  2846 | D:4      | Found a hide-covered altar of Uskayaw.
  2908 | D:4      | Found a radiant altar of Vehumet.
  3219 | D:5      | Entered Level 5 of the Dungeon
  3232 | D:5      | Reached XP level 7. HP: 7/41 MP: 9/9
  3313 | D:5      | Reached skill level 5 in Dodging
  3362 | D:5      | Reached skill level 9 in Ranged Weapons
  3433 | D:5      | Slain by an ice beast

Illustrated notes

Levels and vault maps discovered:
D:1:      amcnicky_arrival_single_pillar, layout_basic, serial_rivers,
          chequers_serial_rivers_micro_d, chequers_serial_rivers_room_b,
          chequers_serial_rivers_micro_b, chequers_serial_rivers_marsh,
          chequers_serial_rivers_micro_e, chequers_serial_rivers_large_a
D:2:      layout_basic, basic_altar, minmay_tromino_v2, uniq_natasha
D:3:      minmay_door_path, layout_loops_corners
D:4:      layout_cave_pools, dancing_weapons_uskayaw, vehumet_statue,
          uniq_grinder
D:5:      layout_basic, regret_index_temple_of_mockery,
          minmay_temple_entry_overgrown, kennysheep_generic_room_13

Skill      XL: |  1  2  3  4  5  6  7 |
---------------+----------------------+-----
Fighting       | 2 3 |  3.7
Ranged Weapons | 6 7 8 9 |  9.3
Dodging        | 3 4 5 |  5.4
Stealth        | |  1.2

Action                     |  1- 3 |  4- 6 |  7- 9 || total
---------------------------+-------+-------+-------++-------
   Fire: Shortbow          |    46 |   170 |    29 ||   245
    Use: Scroll            |       |     6 |       ||     6
         Potion            |       |       |     1 ||     1
 Armour: Leather armour    |     8 |    36 |     9 ||    53
  Dodge: Dodged            |     7 |    36 |    12 ||    55
  Block: Other             |     2 |    15 |     5 ||    22
         Reflection        |       |     1 |       ||     1

Table legend: (Time is in decaauts)
 A = Elapsed time spent in this place.
 B = Non-inter-level travel time spent in this place.
 C = Inter-level travel time spent in this place.
 D = Time resting spent in this place.
 E = Time spent auto-exploring this place.
 F = Levels seen in this place.
 G = Mean time per level.
                   A        B        C        D        E       F      G
               +--------+--------+--------+--------+--------+-----+--------+
         Total |   3478 |   3424 |     54 |    259 |   2702 |   5 |  695.6 |
       Dungeon |   3478 |   3424 |     54 |    259 |   2702 |   5 |  695.6 |
               +--------+--------+--------+--------+--------+-----+--------+

Top non-repeatable levels by time:
     D:3: 1047 daAuts
     D:2: 838 daAuts
     D:1: 764 daAuts
     D:4: 687 daAuts
     D:5: 141 daAuts
